 Dungeon Crawl Stone Soup version 0.29.1-15-g9cfb28693d (webtiles) character file.

Game seed: 4094051510846461938

23 despera the Trooper (level 2, -1/26 HPs)
             Began as a Draconian Berserker on Apr 2, 2023.
             Was a Follower of Trog.
             Slain by a goblin
             ... wielding a +2 dagger of venom
             ... led by Robin
              (2 damage)
             ... on level 2 of the Dungeon.
             The game lasted 00:09:50 (1049 turns).

despera the Trooper (Draconian Berserker)           Turns: 1049, Time: 00:09:50

Health: -1/26      AC:  6    Str: 19    XL:     2   Next: 75%
Magic:  2/2        EV: 12    Int:  7    God:    Trog [*.....]
Gold:   60         SH:  0    Dex: 10    Spells: 1/1 levels left

rFire   . . .      SeeInvis .   a - +0 hand axe
rCold   . . .      Faith    .   g - orb {*Rage}
rNeg    . . .      Spirit   .   (body armour unavailable)
rPois   .          Reflect  .   (helmet restricted)
rElec   .          Harm     .   (no cloak)
rCorr   .          Rampage  .   j - +1 pair of gloves
Will    .....      Rage     20% (no boots)
Stlth   +.........              (no amulet)
HPRegen 0.08/turn               (no ring)
MPRegen 0.08/turn               (no ring)

@: lethally poisoned (-1 -> -6), on berserk cooldown, slowed, very slow
A: AC +4, unfitting armour, cold-blooded
a: Renounce Religion, Berserk


You were on level 2 of the Dungeon.
You worshipped Trog.
Trog was aware of your devotion.
You visited 1 branch of the dungeon, and saw 2 of its levels.

You collected 60 gold pieces.

Inventory:

Hand Weapons
 a - a +0 hand axe (weapon)
 c - a +0 dagger
 d - a +0 whip
 i - a +0 dagger
 q - a +0 club
 v - a +0 quarterstaff
Missiles
 e - 17 stones (quivered)
 m - a throwing net
Armour
 g - an orb of wrath (worn)
 j - a +1 pair of gloves (worn)
 w - a +0 robe
Scrolls
 b - a scroll of poison {unknown}
 f - 2 scrolls of identify {unknown}
 h - a scroll of vulnerability {unknown}
 l - a scroll of brand weapon {unknown}
 p - 2 scrolls of enchant weapon {unknown}
 r - 3 scrolls of teleportation {unknown}
 t - a scroll of butterflies {unknown}
 u - a scroll of immolation {unknown}
Potions
 k - a potion of heal wounds {unknown}
 n - a potion of resistance {unknown}
 o - a potion of ambrosia {unknown}
 s - a potion of attraction {unknown}


   Skills:
 + Level 3.5 Fighting
 + Level 3.5 Axes
 + Level 3.0 Dodging
 + Level 0.1 Stealth


You had one spell level left.
You didn't know any spells.
Your spell library was empty.

Dungeon Overview and Level Annotations

Branches:
Dungeon (2/15)

Altars:

Shops:
D:1 =

Annotations:
D:2 Robin


Innate Abilities, Weirdness & Mutations

Your plain brown scales are hard. (AC +4)
You cannot fit into any form of body armour.
You are cold-blooded and may be slowed by cold attacks.


Message History

The goblin is heavily wounded.
Robin of the Strong Arm comes into view.
They are wielding a +0 club and carrying a wand of flame (13).
The goblin hits you but does no damage. x2; The goblin misses you.
You closely miss the goblin. You completely miss the goblin.
You hit the goblin.
You kill the goblin!
Trog accepts your kill. The goblin misses you.
A goblin comes into view. It is wielding a +2 dagger of venom.
The goblin hits you with a +0 dagger. The goblin hits you but does no damage.
The goblin barely misses you.
Robin roars a battlecry!
The goblins go into a battle-frenzy!
You slash the goblin!
You kill the goblin!
Trog accepts your kill.
You hit Robin. You hit the goblin. The goblin hits you with a +0 dagger.
A goblin comes into view. It is wielding a +0 club.
Robin hits you with a +0 club.
The goblin hits you with a +2 dagger of venom.
You are poisoned.
The goblin hits you with a +0 dagger.
Robin zaps a wand.
The puff of flame hits you.
You feel very sick. The goblin hits you with a +0 dagger.
The goblin barely misses you.
The goblin unwields a +0 club.
The goblin wields a +0 sling.
The goblin shoots a sling bullet.
The sling bullet hits you.
A rat comes into view.
You hear a shout!
Things that are here:
a +0 dagger; a goblin corpse You closely miss the goblin.
You hit Robin. You barely miss the goblin.
* * * LOW HITPOINT WARNING * * *
You feel sick.
A goblin comes into view. It is wielding a +0 club.
The goblin completely misses you.
Robin zaps a wand.
The puff of flame hits you.
* * * LOW HITPOINT WARNING * * *
The goblin hits you with a +2 dagger of venom.
You die...

<.......#.#
#...†...#
##.....##.#
#.##....#
##..... #.#
#.#######
####... ..#
#.#
############
#.#
...........#
#.#
.#########.#
#.# .#
#.###)######
.#
#.....g@)..##
.#
####.rg.gg..#
.# #.#####..#
## #> g# # #.
# # #. # #.
#. #.


You could see Robin, 4 goblins and a rat.

Vanquished Creatures
  A bat (D:1)
  3 giant cockroaches
  9 goblins
  A hobgoblin (D:2)
  A ball python (D:1)
  A frilled lizard (D:1)
  3 kobolds
  A rat (D:2)
20 creatures vanquished.

Notes
Turn   | Place    | Note
-------+----------+-------------------------------------------
     0 | D:1      | despera the Draconian Berserker began the quest for the
                  | Orb.
     0 | D:1      | Reached XP level 1. HP: 19/19 MP: 1/1
   342 | D:1      | Found Woymn's Jewellery Shoppe.
   382 | D:1      | Reached XP level 2. HP: 26/26 MP: 2/2
   734 | D:1      | Found a faded altar of an unknown god.
  1045 | D:2      | Noticed Robin
  1049 | D:2      | HP: 1/26 [Robin/puff of flame (5)]
  1049 | D:2      | Slain by a goblin

Illustrated notes

Levels and vault maps discovered:
D:1:      scummos_arrival_gate, layout_loops_ring, serial_shops,
          nicolae_shop_temple_entry_statues_fountains,
          dilly_ecumenical_altar_fadedgnrine
D:2:      minmay_razor_zed, layout_loops_cross, minivault_23,
          minmay_tetromino_s4, uniq_robin

Skill      XL: |  1  2 |
---------------+-------+-----
Dodging        | 3 |  3.0
Fighting       | |  3.5
Axes           | |  3.5
Stealth        | |  0.1

Action                   || total
-------------------------++-------
Melee: Hand axe          ||    56
       Tailslap          ||     5
Armor: Skin              ||    23
Dodge: Dodged            ||    42
